 Dungeon Crawl Stone Soup version 0.26-a0-631-ged93497179 (webtiles) character file.

Game seed: 16163155925781725196

55 Lavandula the Chiller (level 3, -2/24 HPs)
             Began as a Merfolk Ice Elementalist on Sept 13, 2020.
             Slain by Sigmund
             ... wielding a +0 scythe
              (3 damage)
             ... on level 2 of the Dungeon.
             The game lasted 00:02:50 (1222 turns).

Lavandula the Chiller (Merfolk Ice Elementalist)    Turns: 1222, Time: 00:02:51

Health: -2/24      AC:  3    Str:  8    XL:     3   Next: 93%
Magic:  1/6        EV: 13    Int: 15    God:
Gold:   111        SH:  0    Dex: 14    Spells: 2/6 levels left

rFire    . . .     SeeInvis .   e - +0 spear
rCold    . . .     Faith    +   (no shield)
rNeg     . . .     Spirit   .   a - +0 robe
rPois    .         Reflect  .   (no helmet)
rElec    .         Harm     .   (no cloak)
rCorr    .         Rampage  .   (no gloves)
MR       .....                  i - +0 pair of boots
Stlth    ++........             g - amulet of faith (curse)
HPRegen  0.08/turn              (no ring)
MPRegen  0.10/turn              (no ring)

@: no status effects
A: change form in water, swift swim, stealthy swim
a: no special abilities


You were on level 2 of the Dungeon.
You visited 1 branch of the dungeon, and saw 2 of its levels.

You collected 111 gold pieces.

Inventory:

Hand Weapons
 e - a +0 spear (weapon)
Armour
 a - a +0 robe (worn)
 i - a +0 pair of boots (worn)
Jewellery
 g - a cursed amulet of faith (around neck)
Scrolls
 b - a scroll of remove curse {unknown}
 c - a scroll of fog {unknown}
 d - 3 scrolls of identify {unknown}
 f - a scroll of teleportation {unknown}
 h - a scroll of enchant weapon {unknown}
 j - a scroll of fear {unknown}
 k - a scroll of immolation {unknown}


   Skills:
 - Level 3.7 Polearms
 - Level 2.6 Dodging
 - Level 2.1 Stealth
 + Level 2.4 Spellcasting
 - Level 4.8 Ice Magic


You had 2 spell levels left.
You knew the following spells:

 Your Spells              Type           Power        Failure   Level
a - Freeze                Ice            ###.         3%          1
b - Frozen Ramparts       Ice            ###...       9%          3

Your spell library contained the following spells:

 Spells                   Type           Power        Failure   Level
 Ozocubu's Armour         Ice            ###.....     9%          3
 Hailstorm                Conj/Ice       #.......     61%         4
 Summon Ice Beast         Ice/Summ       #.......     61%         4


Dungeon Overview and Level Annotations

Branches:
Dungeon (2/15)

Altars:
Hepliaklqana

Annotations:
D:2 Sigmund


Message History

Sigmund barely misses you.
Your magical contamination has completely faded away.
Unknown command.
You bump into the rock wall.
Sigmund hits you with a +0 scythe!
Ouch! That really hurt!
* * * LOW HITPOINT WARNING * * *
Unknown command.
You're too confused to cast spells.
Sorry, you're not good enough to have a special ability.
Unknown command.
You aren't carrying any potions.
Unknown command.
You bump into the rock wall.
You feel less confused.
Unknown command.
You hit Sigmund but do no damage.
Sigmund is heavily wounded.
Sigmund says, "Look into my eyes."
Sigmund hits you with a +0 scythe.
You die...

##.#........##.#
#.............####
#.#######..##.....
#†# #.######## #.#
#.# # #.# #.### #.
#.# #.#.###### #..
#.# #...)<....
##..# #@#
#)#.######
...@##@# #.#.#
#..#†# #.#.# #...#
#.#.###### #..###
#......... ....#
###.###### ....##
#.# ##. #.# # ###


You could see Sigmund.

Vanquished Creatures
  2 adders (D:2)
  An ooze (D:2)
  A leopard gecko (D:2)
  2 giant cockroaches
  2 goblins (D:2)
  2 hobgoblins
  6 jackals (D:1)
  7 kobolds
  A ball python (D:2)
  2 bats (D:1)
  2 frilled lizards (D:1)
  3 rats
31 creatures vanquished.

Vanquished Creatures (others)
  3 fungi (D:2)
3 creatures vanquished.

Grand Total: 34 creatures vanquished

Notes
Turn   | Place    | Note
-------+----------+-------------------------------------------
     0 | D:1      | Lavandula the Merfolk Ice Elementalist began the quest for
                  | the Orb.
     0 | D:1      | Reached XP level 1. HP: 13/13 MP: 3/3
   173 | D:1      | Reached XP level 2. HP: 18/19 MP: 0/5
   398 | D:1      | Reached skill level 1 in Polearms
   825 | D:2      | Reached XP level 3. HP: 18/24 MP: 6/6
   926 | D:2      | Learned a level 3 spell: Frozen Ramparts
  1110 | D:2      | Found a hazy altar of Hepliaklqana.
  1208 | D:2      | Noticed Sigmund
  1220 | D:2      | HP: 1/24 [Sigmund/+0 scythe (12)]
  1222 | D:2      | Slain by Sigmund

Illustrated notes

Levels and vault maps discovered:
D:1:      erik_arrival_orb_chamber, layout_loops_cross
D:2:      layout_loops_ring, overflow_temple_1_default, uniq_crazy_yiuf_cottage,
          uniq_sigmund, uniq_robin

Skill      XL: |  1  2  3 |
---------------+----------+-----
Polearms       | 2 3 |  3.7
Dodging        | |  2.6
Stealth        | |  2.1
Spellcasting   | |  2.4
Ice Magic      | |  4.8

Action                   || total
-------------------------++-------
Melee: Spear             ||    52
 Cast: Freeze            ||    24
       Frozen Ramparts   ||     1
 Stab: Sleeping          ||     3
Armor: Robe              ||     9
Dodge: Dodged            ||    27

Table legend: (Time is in decaauts)
 A = Elapsed time spent in this place.
 B = Non-inter-level travel time spent in this place.
 C = Inter-level travel time spent in this place.
 D = Time resting spent in this place.
 E = Time spent auto-exploring this place.
 F = Levels seen in this place.
 G = Mean time per level.
                   A        B        C        D        E       F      G
               +--------+--------+--------+--------+--------+-----+--------+
         Total |   1221 |   1196 |     25 |     27 |    864 |   2 |  610.5 |
       Dungeon |   1221 |   1196 |     25 |     27 |    864 |   2 |  610.5 |
               +--------+--------+--------+--------+--------+-----+--------+

Top non-repeatable levels by time:
     D:1: 710 daAuts
     D:2: 510 daAuts
